 Dungeon Crawl Stone Soup version 0.18.1-8-gdd0e5ea (webtiles) character file.

74 mindo the Conjurer (level 4, 0/24 HPs)
             Began as a Deep Elf Conjurer on June 11, 2016.
             Slain by junkhipster's ghost (6 damage)
             ... on level 3 of the Dungeon.
             The game lasted 00:08:48 (2119 turns).

mindo the Conjurer (Deep Elf Conjurer)              Turns: 2119, Time: 00:08:48

Health: 0/24       AC:  3    Str:  5    XL:     4   Next: 9%
Magic:  7/11       EV:  8    Int: 21    God:
Gold:   115        SH:  0    Dex: 15    Spells: 3 memorised, 3 levels left

rFire  . . .     SeeInvis .     j - +0 dagger
rCold  . . .     Gourm    .     a - +0 robe
rNeg   . . .     Faith    .     (no shield)
rPois  .         Spirit   .     (no helmet)
rElec  .         Dismiss  .     (no cloak)
rCorr  .         Reflect  .     (no gloves)
SustAt .         Harm     .     m - +0 pair of boots {Fly}
MR     .....                    (no amulet)
Stlth  ++........               (no ring)
                                (no ring)

@: flying, not resistant to hostile enchantments, unstealthy
A: no striking features
a: Stop Flying


You were on level 3 of the Dungeon.
You were not hungry.

You visited 1 branch of the dungeon, and saw 3 of its levels.

You collected 115 gold pieces.

Inventory:

Hand Weapons
 j - a +0 dagger (weapon)
Armour
 a - a +0 robe (worn)
 k - a +0 naga barding
 m - a +0 pair of boots of flying (worn)
Jewellery
 i - a +1 ring of evasion {unknown}
Scrolls
 f - 3 scrolls of identify {unknown}
 g - a scroll of teleportation {unknown}
 h - a scroll of magic mapping {unknown}
 p - 2 scrolls of recharging {unknown}
Potions
 e - 2 potions of flight {unknown}
 n - a potion of heal wounds {unknown}
 o - 2 potions of brilliance {unknown}
Books
 b - a book of Conjurations

   Spells                             Type                      Level
   a - Magic Dart                     Conjuration                  1
   b - Searing Ray                    Conjuration                  2
   c - Dazzling Spray                 Conjuration/Hexes            3
   d - Fulminant Prism                Conjuration/Hexes            4
   e - Iskenderun's Mystic Blast      Conjuration                  4
   f - Iskenderun's Battlesphere      Conjuration/Charms           5
Comestibles
 c - 4 bread rations
 d - a meat ration
 l - a beef jerky


   Skills:
 + Level 2.5 Dodging
 + Level 2.8 Stealth
 * Level 3.9 Spellcasting
 + Level 5.6 Conjurations


You had 3 spell levels left.
You knew the following spells:

 Your Spells              Type           Power        Failure   Level  Hunger
a - Magic Dart            Conj           ####         1%          1    None
b - Searing Ray           Conj           ####..       1%          2    #......
c - Iskenderun's Mystic   Conj           ####....     14%         4    ####...


Dungeon Overview and Level Annotations

Branches:
Dungeon (3/15)

Altars:
Cheibriados

Annotations:
D:3 junkhipster's ghost, amateur CeFi


Message History

The searing ray hits junkhipster's ghost.
Junkhipster's ghost is lightly damaged.
Junkhipster's ghost hits you!
The searing ray hits junkhipster's ghost.
Junkhipster's ghost is lightly damaged.
Junkhipster's ghost hits you!
A jackal comes into view.
The searing ray hits junkhipster's ghost.
Junkhipster's ghost is moderately damaged.
The jackal barks!
Junkhipster's ghost barely misses you.
A jackal comes into view.
Junkhipster's ghost completely misses you.
Junkhipster's ghost barely misses you. Junkhipster's ghost hits you.
* * * LOW HITPOINT WARNING * * *
Junkhipster's ghost completely misses you.
There is an escape hatch in the floor here.
Junkhipster's ghost hits you.
You die...

####.###### #......#
#.........# #.##.#.#
##.#......# #.##.#.#
#.........# #.#..#.#
#####.....# #.#.##.#
... #..<..# #.#.##.# ..
####### #......# ..
########.#### .###
#@....##.# .>#
#####W###.##.# # #.#
##...h.# #....#
#.#.#####S#.##.###.####
#..s.S.S.###.#.....#
....#.#####.#.########
..# #.# ##.## . ..# ###
.###


You could see junkhipster's ghost and a jackal.

Vanquished Creatures
  4 adders (D:2)
  A dart slug (D:1)
  5 bats
  4 giant cockroaches
  2 goblins (D:2)
  3 hobgoblins (D:2)
  2 quokkas (D:2)
  4 giant newts
  7 kobolds
  6 rats
38 creatures vanquished.

Notes
Turn   | Place    | Note
--------------------------------------------------------------
     0 | D:1      | mindo the Deep Elf Conjurer began the quest for the Orb.
     0 | D:1      | Reached XP level 1. HP: 10/10 MP: 6/6
   412 | D:1      | Reached XP level 2. HP: 15/15 MP: 4/8
   909 | D:2      | Reached skill level 5 in Conjurations
  1265 | D:2      | Reached XP level 3. HP: 19/19 MP: 6/10
  1269 | D:2      | Learned a level 2 spell: Searing Ray
  1545 | D:2      | Reached XP level 4. HP: 24/24 MP: 6/11
  1615 | D:2      | Found a snail-covered altar of Cheibriados.
  1965 | D:3      | Noticed junkhipster's ghost (amateur CeFi)
  2025 | D:3      | Learned a level 4 spell: Iskenderun's Mystic Blast
  2119 | D:3      | Slain by junkhipster's ghost

Skill      XL: |  1  2 |
---------------+-------+-----
Conjurations   | 5 |  5.6
Dodging        | |  2.5
Stealth        | |  2.8
Spellcasting   | |  3.9

Action                   |  1- 3 |  4- 6 || total
-------------------------+-------+-------++-------
Melee: Dagger            |     2 |       ||     2
 Cast: Magic Dart        |    70 |    10 ||    80
       Searing Ray       |     1 |     1 ||     2
  Eat: Beef jerky        |     1 |       ||     1
       Meat ration       |       |     1 ||     1
Armor: Robe              |     1 |       ||     1
Dodge: Dodged            |    10 |     4 ||    14
